[Event "Faroese-ch Candidates 2025"]
[Site "Torshavn"]
[Date "2025.04.12"]
[Round "1.1"]
[White "Tummasarson, Flovin M."]
[Black "Dahl, Karl M"]
[Result "1-0"]
[Annotator "NA"]
[ECO "B54"]
[WhiteElo "1837"]
[BlackElo "1772"]
[PlyCount "95"]
[EventDate "2025.04.11"]
[EventType "tourn"]
[EventCountry "FAI"]
[SourceTitle "playchess.com"]
[Source "ChessBase"]
[SourceQuality "1"]
[TimeControl "40/5400+30:900+30"]

1. e4 c5 2. Nf3 d6 3. d4 cxd4 4. Nxd4 Nf6 5. f3 a6 6. c4 e6 7. Be3 Nc6 8. Nc3 Be7 9. Be2 O-O 10. Qd2 Qc7 11. O-O Ne5 12. Rac1 b6 13. b4 Bb7 14. Nd1 Rac8 15. Nf2 Rfd8 16. Nb3 Nfd7 17. Rfd1 Qb8 18. f4 Ng6 19. Nd4 Nf6 20. Bd3 Qa8 21. f5 exf5 22. Nxf5 Nxe4 23. Nxe4 Bxe4 24. Bxb6 Rd7 25. Nxe7+ Nxe7 26. Bxe4 Qxe4 27. c5 d5 28. c6 Rd6 29. Re1 Qh4 30. g3 Qf6 31. Bd4 Qg6 32. Rxe7 Rdxc6 33. Rxc6 Qxc6 34. Qg5 Qc1+ 35. Qxc1 Rxc1+ 36. Kg2 f6 37. a4 Rc4 38. Bc5 a5 39. Rb7 d4 40. Kf3 Rc2 41. Bxd4 axb4 42. h4 b3 43. a5 Ra2 44. Rb5 h5 45. Kf4 Ra4 46. Ke3 Ra2 47. Bc3 Rg2 48. Kf3 1-0

[Event "Faroese-ch Candidates 2025"]
[Site "Torshavn"]
[Date "2025.04.12"]
[Round "1.2"]
[White "Hojsted, Ingi"]
[Black "Lamhauge, Eydun"]
[Result "0-1"]
[Annotator "NA"]
[ECO "B13"]
[WhiteElo "1841"]
[BlackElo "1829"]
[PlyCount "38"]
[EventDate "2025.04.11"]
[EventType "tourn"]
[EventCountry "FAI"]
[SourceTitle "playchess.com"]
[Source "ChessBase"]
[SourceQuality "1"]
[TimeControl "40/5400+30:900+30"]

1. e4 c6 2. d4 d5 3. exd5 cxd5 4. Bd3 Nc6 5. c3 Qc7 6. h3 e5 7. dxe5 Nxe5 8. Bb5+ Bd7 9. Qxd5 O-O-O 10. Bf4 Bg4 11. Qxd8+ Qxd8 12. hxg4 Nd3+ 13. Bxd3 Qxd3 14. Nd2 Nf6 15. O-O-O Nd5 16. Nb3 Qe4 17. Bg3 a5 18. Rh5 Nxc3 19. Nd2 Nxa2# 0-1

[Event "Faroese-ch Candidates 2025"]
[Site "Torshavn"]
[Date "2025.04.12"]
[Round "1.3"]
[White "Davidsen, Rokur"]
[Black "Justinussen, Sigurd B."]
[Result "0-1"]
[Annotator "NA"]
[ECO "C84"]
[WhiteElo "1824"]
[BlackElo "1948"]
[PlyCount "74"]
[EventDate "2025.04.11"]
[EventType "tourn"]
[EventCountry "FAI"]
[SourceTitle "playchess.com"]
[Source "ChessBase"]
[SourceQuality "1"]
[TimeControl "40/5400+30:900+30"]

1. e4 e5 2. Nf3 Nc6 3. Bb5 a6 4. Ba4 Nf6 5. O-O Be7 6. c3 O-O 7. Re1 d6 8. d3 h6 9. Nbd2 Nh7 10. Nf1 Ng5 11. Bxg5 Bxg5 12. Bxc6 bxc6 13. d4 exd4 14. cxd4 Be6 15. Qc2 Bd7 16. Ne3 Rb8 17. b3 Rb5 18. Nc4 Re8 19. e5 d5 20. Nb2 Re6 21. Nd3 Rg6 22. Nc5 Bc8 23. Qd3 Be7 24. Rac1 Bxc5 25. Rxc5 Rxc5 26. dxc5 Bh3 27. g3 Bc8 28. Nd4 Qg5 29. e6 Bxe6 30. Nxc6 h5 31. Qxa6 h4 32. Qd3 hxg3 33. fxg3 f5 34. Nd4 Bf7 35. Nxf5 Rf6 36. Rf1 Bg6 37. Qxd5+ Kh7 0-1

[Event "Faroese-ch Candidates 2025"]
[Site "Torshavn"]
[Date "2025.04.12"]
[Round "1.4"]
[White "Hojgaard, Brandur"]
[Black "Logv, Hanus a"]
[Result "1/2-1/2"]
[Annotator "NA"]
[ECO "A46"]
[WhiteElo "1861"]
[BlackElo "1744"]
[PlyCount "100"]
[EventDate "2025.04.11"]
[EventType "tourn"]
[EventCountry "FAI"]
[SourceTitle "playchess.com"]
[Source "ChessBase"]
[SourceQuality "1"]
[TimeControl "40/5400+30:900+30"]

1. d4 e6 2. Bf4 Nf6 3. e3 Be7 4. Nf3 d6 5. Nbd2 O-O 6. e4 h6 7. Bd3 Nbd7 8. Qe2 c5 9. c3 cxd4 10. cxd4 d5 11. e5 Nh7 12. O-O Bg5 13. Bxh7+ Kxh7 14. Nxg5+ hxg5 15. Qh5+ Kg8 16. Bxg5 f6 17. exf6 Nxf6 18. Qe2 Qb6 19. Bxf6 Rxf6 20. Nf3 Bd7 21. Rfc1 Raf8 22. Rc3 Bb5 23. Qd2 Be8 24. Re1 Bh5 25. Rb3 Qa6 26. Ra3 Qb6 27. Ree3 Bxf3 28. Rxf3 Rxf3 29. gxf3 a6 30. Re3 Qd6 31. Qe2 Rf6 32. Re5 Qc6 33. Qd1 Qe8 34. Rg5 Rg6 35. Rg3 Qf7 36. Qd3 Rh6 37. Kg2 Qh5 38. h3 Rf6 39. Qc2 Qf7 40. Qc8+ Kh7 41. Qc3 g6 42. Rg4 Rf5 43. Qe3 Qf6 44. Kg3 Kg7 45. Qc3 Rh5 46. Qc7+ Qf7 47. Qc3 Qf6 48. Qc7+ Qf7 49. Qxf7+ Kxf7 50. Rh4 Rxh4 1/2-1/2

[Event "Faroese-ch Candidates 2025"]
[Site "Torshavn"]
[Date "2025.04.13"]
[Round "2.1"]
[White "Dahl, Karl M"]
[Black "Logv, Hanus a"]
[Result "0-1"]
[Annotator "NA"]
[ECO "E11"]
[WhiteElo "1772"]
[BlackElo "1744"]
[PlyCount "58"]
[EventDate "2025.04.11"]
[EventType "tourn"]
[EventCountry "FAI"]
[SourceTitle "playchess.com"]
[Source "ChessBase"]
[SourceQuality "1"]
[TimeControl "40/5400+30:900+30"]

1. d4 e6 2. c4 Nf6 3. Nf3 Bb4+ 4. Bd2 Bxd2+ 5. Qxd2 O-O 6. Nc3 d5 7. e3 dxc4 8. Bxc4 Nbd7 9. Rd1 Nb6 10. Bb3 Nbd5 11. Bc2 b6 12. e4 Nxc3 13. bxc3 Bb7 14. Qf4 h6 15. g4 Nh7 16. h4 f5 17. gxf5 exf5 18. Bb3+ Kh8 19. Ne5 Qe8 20. h5 Rf6 21. Ng6+ Rxg6 22. hxg6 Qxg6 23. Kd2 Bxe4 24. Rhg1 Ng5 25. Kc1 Qc6 26. Qe3 f4 27. Qe2 Qxc3+ 28. Bc2 Qa1+ 29. Kd2 Qxd4+ 0-1

[Event "Faroese-ch Candidates 2025"]
[Site "Torshavn"]
[Date "2025.04.13"]
[Round "2.2"]
[White "Justinussen, Sigurd B."]
[Black "Hojgaard, Brandur"]
[Result "1/2-1/2"]
[Annotator "NA"]
[ECO "C01"]
[WhiteElo "1948"]
[BlackElo "1861"]
[PlyCount "62"]
[EventDate "2025.04.11"]
[EventType "tourn"]
[EventCountry "FAI"]
[SourceTitle "playchess.com"]
[Source "ChessBase"]
[SourceQuality "1"]
[TimeControl "40/5400+30:900+30"]

1. e4 e6 2. d4 d5 3. Bd3 Nf6 4. Nd2 c5 5. exd5 exd5 6. dxc5 Bxc5 7. Ngf3 O-O 8. O-O Bg4 9. Nb3 Bb6 10. Bg5 Nc6 11. Be2 Qd6 12. c3 Bc7 13. g3 Bb6 14. Nfd4 Bxe2 15. Qxe2 Nxd4 16. Nxd4 Bxd4 17. cxd4 h6 18. Bf4 Qd7 19. Rac1 Rac8 20. Be5 Ne4 21. f3 Ng5 22. g4 Rxc1 23. Rxc1 Rc8 24. Rxc8+ Qxc8 25. Bg3 Ne6 26. Qb5 Qc1+ 27. Kg2 Qd2+ 28. Kf1 Nxd4 29. Qe8+ Kh7 30. Bf2 Nxf3 31. Qxf7 Ng5 1/2-1/2

[Event "Faroese-ch Candidates 2025"]
[Site "Torshavn"]
[Date "2025.04.13"]
[Round "2.3"]
[White "Lamhauge, Eydun"]
[Black "Davidsen, Rokur"]
[Result "0-1"]
[Annotator "NA"]
[ECO "B20"]
[WhiteElo "1829"]
[BlackElo "1824"]
[PlyCount "54"]
[EventDate "2025.04.11"]
[EventType "tourn"]
[EventCountry "FAI"]
[SourceTitle "playchess.com"]
[Source "ChessBase"]
[SourceQuality "1"]
[TimeControl "40/5400+30:900+30"]

1. e4 c5 2. b4 cxb4 3. a3 bxa3 4. d4 d5 5. exd5 Qxd5 6. Nc3 Qd8 7. Nf3 e6 8. Bd3 Bb4 9. Bd2 Nc6 10. Nb5 a6 11. c3 Be7 12. Nxa3 Nf6 13. Qe2 O-O 14. O-O Re8 15. Nc4 Nd5 16. Nfe5 Nxe5 17. Nxe5 Bd6 18. Bxh7+ Kxh7 19. Qh5+ Kg8 20. Qxf7+ Kh7 21. Qg6+ Kg8 22. Qf7+ Kh7 23. Bh6 Bxe5 24. dxe5 Qe7 25. Qh5 gxh6 26. Ra4 Rg8 27. Rh4 Qg5 0-1

[Event "Faroese-ch Candidates 2025"]
[Site "Torshavn"]
[Date "2025.04.13"]
[Round "2.4"]
[White "Tummasarson, Flovin M."]
[Black "Hojsted, Ingi"]
[Result "1-0"]
[Annotator "NA"]
[ECO "B07"]
[WhiteElo "1837"]
[BlackElo "1841"]
[PlyCount "35"]
[EventDate "2025.04.11"]
[EventType "tourn"]
[EventCountry "FAI"]
[SourceTitle "playchess.com"]
[Source "ChessBase"]
[SourceQuality "1"]
[TimeControl "40/5400+30:900+30"]

1. e4 d6 2. d4 Nf6 3. Nc3 c6 4. f4 Qa5 5. e5 Ne4 6. Nf3 Bg4 7. Bd3 Nxc3 8. Qd2 Bxf3 9. gxf3 Qd5 10. Qxc3 Qxf3 11. Rf1 Qh3 12. f5 Nd7 13. exd6 Qxh2 14. Bf4 Qh4+ 15. Kd2 O-O-O 16. dxe7 Qxe7 17. Qxc6+ bxc6 18. Ba6# 1-0

[Event "Faroese-ch Candidates 2025"]
[Site "Torshavn"]
[Date "2025.04.14"]
[Round "3.1"]
[White "Hojsted, Ingi"]
[Black "Dahl, Karl M"]
[Result "0-1"]
[Annotator "NA RC"]
[ECO "B55"]
[WhiteElo "1841"]
[BlackElo "1772"]
[PlyCount "88"]
[EventDate "2025.04.11"]
[EventType "tourn"]
[EventCountry "FAI"]
[SourceTitle "playchess.com"]
[Source "ChessBase"]
[SourceQuality "1"]
[TimeControl "40/5400+30:900+30"]

1. e4 c5 2. Nf3 d6 3. d4 cxd4 4. Nxd4 Nf6 5. f3 e5 6. Nb3 d5 7. Bg5 Be6 8. exd5 Qxd5 9. Nc3 Bb4 10. Bd3 Bxc3+ 11. bxc3 Nc6 12. Be3 b6 13. O-O O-O 14. Qe1 Ne7 15. Bg5 Bf5 16. Bxf6 gxf6 17. Be4 Bxe4 18. fxe4 Qe6 19. Qh4 Ng6 20. Qh6 Qg4 21. Qe3 Nf4 22. Rf2 Kh8 23. Kh1 Rg8 24. g3 Nh5 25. Nd2 Qh3 26. Rg1 Rg6 27. Rf3 Qg4 28. Nf1 Rag8 29. Qd3 Ng7 30. Nd2 h5 31. Qf1 Qg5 32. Qf2 Ne6 33. Rf5 Qh6 34. Nf3 Rd8 35. Nh4 Rd2 36. Nxg6+ fxg6 37. Qf1 gxf5 38. Qxf5 Rd6 39. g4 Qg5 40. gxh5 Qxf5 41. exf5 Ng5 42. a4 Rd2 43. h4 Nf3 44. Rg6 Rh2# 0-1

[Event "Faroese-ch Candidates 2025"]
[Site "Torshavn"]
[Date "2025.04.14"]
[Round "3.2"]
[White "Davidsen, Rokur"]
[Black "Tummasarson, Flovin M."]
[Result "1/2-1/2"]
[Annotator "NA RC"]
[ECO "C50"]
[WhiteElo "1824"]
[BlackElo "1837"]
[PlyCount "70"]
[EventDate "2025.04.11"]
[EventType "tourn"]
[EventCountry "FAI"]
[SourceTitle "playchess.com"]
[Source "ChessBase"]
[SourceQuality "1"]
[TimeControl "40/5400+30:900+30"]

1. e4 e5 2. Nf3 Nc6 3. Bc4 Nf6 4. d3 Bc5 5. O-O d6 6. a4 Bg4 7. c3 a5 8. Nbd2 Qd7 9. Re1 h5 10. Nb3 Bxf3 11. Qxf3 Qg4 12. Bb5 Bb6 13. Be3 Ke7 14. Nd2 Nd7 15. Nc4 Qxf3 16. gxf3 f5 17. Bg5+ Kf7 18. exf5 h4 19. Be3 Rh5 20. Nxb6 Nxb6 21. f4 Rxf5 22. Bxc6 bxc6 23. fxe5 Rxe5 24. Bxb6 Rg5+ 25. Kf1 cxb6 26. Re4 Rd5 27. d4 g5 28. Rae1 Ra7 29. Kg2 Rf5 30. h3 b5 31. f4 bxa4 32. fxg5 Rxg5+ 33. Rg4 Rxg4+ 34. hxg4 Rb7 35. Re2 Rb3 1/2-1/2

[Event "Faroese-ch Candidates 2025"]
[Site "Torshavn"]
[Date "2025.04.14"]
[Round "3.3"]
[White "Hojgaard, Brandur"]
[Black "Lamhauge, Eydun"]
[Result "1/2-1/2"]
[Annotator "NA RC"]
[ECO "A48"]
[WhiteElo "1861"]
[BlackElo "1829"]
[PlyCount "87"]
[EventDate "2025.04.11"]
[EventType "tourn"]
[EventCountry "FAI"]
[SourceTitle "playchess.com"]
[Source "ChessBase"]
[SourceQuality "1"]
[TimeControl "40/5400+30:900+30"]

1. d4 Nf6 2. Bf4 g6 3. Nd2 Bg7 4. Ngf3 O-O 5. e4 d6 6. c3 e5 7. dxe5 dxe5 8. Bg5 Nbd7 9. Qc2 a5 10. Be2 h6 11. Bh4 g5 12. Bg3 Qe7 13. h4 g4 14. Nh2 Nc5 15. f3 Nh5 16. Nhf1 Rd8 17. O-O-O a4 18. fxg4 Nf4 19. Bxf4 exf4 20. g5 Be6 21. Kb1 b5 22. Nf3 Rxd1+ 23. Bxd1 Bc4 24. Be2 Nxe4 25. Bxc4 bxc4 26. gxh6 Bf6 27. N1d2 Ng3 28. Re1 Qc5 29. Ne4 Nxe4 30. Qxe4 Rb8 31. Ng5 Bxg5 32. hxg5 a3 33. h7+ Kh8 34. Qxf4 Rxb2+ 35. Ka1 Rf2 36. Re8+ Kxh7 37. Qh4+ Kg6 38. Qh6+ Kf5 39. Qh3+ Kxg5 40. Qg3+ Kf6 41. Qh4+ Kg7 42. Qg4+ Kf6 43. Qh4+ Kg7 44. Qg4+ 1/2-1/2

[Event "Faroese-ch Candidates 2025"]
[Site "Torshavn"]
[Date "2025.04.14"]
[Round "3.4"]
[White "Logv, Hanus a"]
[Black "Justinussen, Sigurd B."]
[Result "0-1"]
[Annotator "NA RC"]
[ECO "B42"]
[WhiteElo "1744"]
[BlackElo "1948"]
[PlyCount "50"]
[EventDate "2025.04.11"]
[EventType "tourn"]
[EventCountry "FAI"]
[SourceTitle "playchess.com"]
[Source "ChessBase"]
[SourceQuality "1"]
[TimeControl "40/5400+30:900+30"]

1. e4 c5 2. Nf3 d6 3. d4 cxd4 4. Nxd4 Nf6 5. Bd3 a6 6. O-O e6 7. Be3 Be7 8. Nd2 Bd7 9. c3 Nc6 10. f4 Qc7 11. N4f3 e5 12. h3 O-O 13. Qb3 Be6 14. Qb6 Qc8 15. c4 exf4 16. Bxf4 Ne5 17. Nxe5 dxe5 18. Be3 Rd8 19. Be2 Rxd2 20. Bxd2 Bc5+ 21. Be3 Bxb6 22. Bxb6 Qc6 23. c5 Nd7 24. Rfd1 Nxb6 25. cxb6 Qxb6+ 0-1

[Event "Faroese-ch Candidates 2025"]
[Site "Torshavn"]
[Date "2025.04.15"]
[Round "4.2"]
[White "Lamhauge, Eydun"]
[Black "Logv, Hanus a"]
[Result "1/2-1/2"]
[Annotator "NA RC"]
[ECO "C01"]
[WhiteElo "1829"]
[BlackElo "1744"]
[PlyCount "82"]
[EventDate "2025.04.11"]
[EventType "tourn"]
[EventCountry "FAI"]
[SourceTitle "playchess.com"]
[Source "ChessBase"]
[SourceQuality "1"]
[TimeControl "40/5400+30:900+30"]

1. e4 e6 2. d4 d6 3. Nf3 Ne7 4. Nc3 Ng6 5. h4 Nd7 6. h5 Ne7 7. Be2 Nc6 8. Be3 Be7 9. g4 h6 10. Qd2 b6 11. O-O-O Bb7 12. Kb1 Bf6 13. Ne1 e5 14. dxe5 Bxe5 15. f4 Bxc3 16. Qxc3 Qf6 17. e5 dxe5 18. g5 hxg5 19. fxg5 Qe7 20. Bf3 Qe6 21. Bd5 Qg4 22. Nd3 Qa4 23. h6 gxh6 24. Rxh6 Rxh6 25. gxh6 O-O-O 26. Bxf7 Nf6 27. Rg1 Qe4 28. Bg5 Qf5 29. Qc4 Nd4 30. Be3 Ne4 31. a4 Rf8 32. Bg6 Qf3 33. Re1 Nf5 34. Qe6+ Kb8 35. Bxf5 Qxf5 36. Qxf5 Rxf5 37. Kc1 Rh5 38. Kd1 Nf6 39. Rg1 Ng4 40. Ke2 Nxe3 41. Kxe3 Rxh6 1/2-1/2

[Event "Faroese-ch Candidates 2025"]
[Site "Torshavn"]
[Date "2025.04.15"]
[Round "4.3"]
[White "Tummasarson, Flovin M."]
[Black "Hojgaard, Brandur"]
[Result "1-0"]
[Annotator "NA RC"]
[ECO "C06"]
[WhiteElo "1837"]
[BlackElo "1861"]
[PlyCount "75"]
[EventDate "2025.04.11"]
[EventType "tourn"]
[EventCountry "FAI"]
[SourceTitle "playchess.com"]
[Source "ChessBase"]
[SourceQuality "1"]
[TimeControl "40/5400+30:900+30"]

1. e4 e6 2. d4 d5 3. Nd2 Nf6 4. e5 Nfd7 5. Bd3 c5 6. c3 Nc6 7. Ne2 cxd4 8. cxd4 f6 9. exf6 Nxf6 10. Nf3 Bd6 11. O-O Qc7 12. Bd2 O-O 13. Rc1 Nh5 14. Ng3 Nxg3 15. hxg3 g6 16. Bh6 Re8 17. Qc2 Qf7 18. Ng5 Qf6 19. Nf3 Bd7 20. a3 Rac8 21. Qb3 Rc7 22. Rfe1 Rec8 23. Be3 Kg7 24. Bb1 Kg8 25. Bd3 Kg7 26. Bb1 Kg8 27. Bd3 Kg7 28. Bb1 Na5 29. Rxc7 Nxb3 30. Rxd7+ Kg8 31. Rxd6 Qe7 32. Bf4 Rc1 33. Bxc1 Qxd6 34. Bh6 Qb6 35. Kh2 Nxd4 36. Nxd4 Qxd4 37. Re3 Qd1 38. Rf3 1-0

[Event "Faroese-ch Candidates 2025"]
[Site "Torshavn"]
[Date "2025.04.15"]
[Round "4.4"]
[White "Hojsted, Ingi"]
[Black "Davidsen, Rokur"]
[Result "0-1"]
[Annotator "NA RC"]
[ECO "B38"]
[WhiteElo "1841"]
[BlackElo "1824"]
[PlyCount "98"]
[EventDate "2025.04.11"]
[EventType "tourn"]
[EventCountry "FAI"]
[SourceTitle "playchess.com"]
[Source "ChessBase"]
[SourceQuality "1"]
[TimeControl "40/5400+30:900+30"]

1. e4 c5 2. Nf3 d6 3. d4 cxd4 4. Nxd4 Nf6 5. f3 g6 6. c4 Bg7 7. Nc3 Nc6 8. Be3 Bd7 9. Be2 a6 10. O-O O-O 11. Qd2 Rb8 12. Rfd1 Nxd4 {[%emt 0:08:12] B38: Sicilian: Maroczy Bind with 5...Bg7 and 7...0-0.} 13. Bxd4 b5 14. c5 dxc5 15. Bxc5 Rc8 16. e5 Ne8 17. b4 Bxe5 18. Nd5 Rxc5 19. bxc5 Bxa1 20. Rxa1 Bc6 21. Rd1 Qxd5 22. Qxd5 Bxd5 23. Rxd5 Nf6 24. Rd3 Rc8 25. Ra3 Rc6 26. Bd3 e6 27. Ra5 Nd5 28. a4 Nc7 29. axb5 axb5 30. Ra7 Rxc5 31. Rb7 Kg7 32. Kf2 Kf6 33. Ke3 Ke5 34. Be4 f5 35. f4+ Kd6 36. Rb6+ Kd7 37. Bd3 Rc6 38. Rxb5 Nxb5 39. Bxb5 Kd6 40. Bxc6 Kxc6 41. Kd4 Kd6 42. g3 h6 43. h3 g5 44. h4 gxh4 45. gxh4 h5 46. Kd3 Kd5 47. Ke3 Kc4 48. Ke2 Kd4 49. Kf3 Kd3 0-1

[Event "Faroese-ch Candidates 2025"]
[Site "Torshavn"]
[Date "2025.04.16"]
[Round "5.1"]
[White "Davidsen, Rokur"]
[Black "Dahl, Karl M"]
[Result "0-1"]
[Annotator "NA RC"]
[ECO "B51"]
[WhiteElo "1824"]
[BlackElo "1772"]
[PlyCount "82"]
[EventDate "2025.04.11"]
[EventType "tourn"]
[EventCountry "FAI"]
[SourceTitle "playchess.com"]
[Source "ChessBase"]
[SourceQuality "1"]
[TimeControl "40/5400+30:900+30"]

1. e4 c5 2. Nf3 d6 3. Bb5+ Nd7 4. O-O a6 5. Bxd7+ Bxd7 6. c3 Nf6 7. Re1 e6 8. d4 cxd4 9. cxd4 Be7 10. Nc3 O-O 11. h3 Bc6 12. Qb3 b5 13. d5 exd5 14. exd5 Bd7 15. Bf4 Re8 16. Nd2 Bf5 17. a4 bxa4 18. Rxa4 Nd7 19. Be3 Ne5 20. Rea1 Nd3 21. Rxa6 Rxa6 22. Rxa6 Qc8 23. Qb5 Ne5 24. Ra7 h5 25. Bd4 Bf6 26. Bxe5 Rxe5 27. Nf3 Re8 28. Qc6 Qb8 29. Qb7 Qxb7 30. Rxb7 Rc8 31. Nb5 Be4 32. Nxd6 Rc1+ 33. Kh2 Bxf3 34. gxf3 Be5+ 35. Kg2 Bxd6 36. Rd7 Be5 37. Re7 Bxb2 38. d6 Rd1 39. Rb7 Bf6 40. d7 Kf8 41. Ra7 Bd8 0-1

[Event "Faroese-ch Candidates 2025"]
[Site "Torshavn"]
[Date "2025.04.16"]
[Round "5.2"]
[White "Hojgaard, Brandur"]
[Black "Hojsted, Ingi"]
[Result "1-0"]
[Annotator "NA RC"]
[ECO "B07"]
[WhiteElo "1861"]
[BlackElo "1841"]
[PlyCount "83"]
[EventDate "2025.04.11"]
[EventType "tourn"]
[EventCountry "FAI"]
[SourceTitle "playchess.com"]
[Source "ChessBase"]
[SourceQuality "1"]
[TimeControl "40/5400+30:900+30"]

1. d4 d6 2. e4 Nf6 3. Bd3 e5 4. c3 c6 5. Ne2 Be6 6. O-O Be7 7. f4 Bg4 8. Nd2 Nbd7 9. Nf3 Qc7 10. h3 Bxf3 11. Rxf3 d5 12. Qc2 dxe4 13. Bxe4 exd4 14. Nxd4 O-O 15. Be3 Rad8 16. Raf1 Nc5 17. Bd3 Nxd3 18. Qxd3 c5 19. Nb5 Qc6 20. Qe2 a6 21. Na3 Rfe8 22. Rd1 b5 23. Rxd8 Bxd8 24. Nc2 Qd5 25. a3 Qa2 26. Ne1 Ba5 27. Nd3 Bxc3 28. Qc2 Bd4 29. Bxd4 cxd4 30. Qc7 Qc4 31. Qa7 h6 32. Qxa6 Re3 33. Ne5 Qc1+ 34. Rf1 Qxb2 35. Qc8+ Kh7 36. Nxf7 Re2 37. Qh8+ Kg6 38. Ne5+ Kh5 39. Qxg7 Qc2 40. g4+ Kh4 41. Qxh6+ Kg3 42. Rf3# 1-0

[Event "Faroese-ch Candidates 2025"]
[Site "Torshavn"]
[Date "2025.04.16"]
[Round "5.3"]
[White "Logv, Hanus a"]
[Black "Tummasarson, Flovin M."]
[Result "1/2-1/2"]
[Annotator "NA RC"]
[ECO "C45"]
[WhiteElo "1744"]
[BlackElo "1837"]
[PlyCount "61"]
[EventDate "2025.04.11"]
[EventType "tourn"]
[EventCountry "FAI"]
[SourceTitle "playchess.com"]
[Source "ChessBase"]
[SourceQuality "1"]
[TimeControl "40/5400+30:900+30"]

1. e4 e5 2. Nf3 Nc6 3. d4 exd4 4. Nxd4 Bc5 5. Be3 Qf6 6. c3 Nge7 7. Be2 d5 8. Bf3 dxe4 9. Bxe4 Nxd4 10. Bxd4 Bxd4 11. Qxd4 Qxd4 12. cxd4 Nf5 13. d5 Bd7 14. Nc3 O-O-O 15. O-O Nd6 16. Bd3 Bf5 17. Bxf5+ Nxf5 18. Rac1 a6 19. Rfe1 h5 20. b4 b5 21. a4 Nd6 22. axb5 axb5 23. Re7 Rde8 24. Rce1 Rxe7 25. Rxe7 Kb7 26. f3 Kb6 27. Ne4 Rd8 28. Nc5 g6 29. Nd7+ Kb7 30. Nc5+ Kb6 31. Nd7+ 1/2-1/2

[Event "Faroese-ch Candidates 2025"]
[Site "Torshavn"]
[Date "2025.04.16"]
[Round "5.4"]
[White "Justinussen, Sigurd B."]
[Black "Lamhauge, Eydun"]
[Result "1-0"]
[Annotator "NA RC"]
[ECO "B12"]
[WhiteElo "1948"]
[BlackElo "1829"]
[PlyCount "75"]
[EventDate "2025.04.11"]
[EventType "tourn"]
[EventCountry "FAI"]
[SourceTitle "playchess.com"]
[Source "ChessBase"]
[SourceQuality "1"]
[TimeControl "40/5400+30:900+30"]

1. e4 c6 2. d4 d5 3. Bd3 dxe4 4. Bxe4 Nf6 5. Bf3 Nbd7 6. c4 e5 7. dxe5 Nxe5 8. Qxd8+ Kxd8 9. Be2 Bf5 10. Bg5 Bb4+ 11. Nd2 Re8 12. O-O-O Ke7 13. Ngf3 Nd3+ 14. Bxd3 Bxd3 15. Ne5 Bf5 16. Ndf3 Kf8 17. a3 Ba5 18. b4 Bc7 19. Bxf6 gxf6 20. Nd3 Rad8 21. Nc5 Bf4+ 22. Kb2 Re2+ 23. Kc3 Rc2+ 24. Kb3 Rxd1 25. Rxd1 Rxf2 26. Nd4 Bg6 27. Nxb7 Rxg2 28. Nd8 Rxh2 29. N8xc6 a6 30. b5 axb5 31. cxb5 Be4 32. a4 Bd5+ 33. Kb4 Bd6+ 34. Ka5 Rb2 35. Kb6 Ke8 36. Nf5 Bb3 37. Nxd6+ Kf8 38. Rd4 1-0

[Event "Faroese-ch Candidates 2025"]
[Site "Torshavn"]
[Date "2025.04.17"]
[Round "6.1"]
[White "Dahl, Karl M"]
[Black "Lamhauge, Eydun"]
[Result "1/2-1/2"]
[Annotator "NA RC"]
[ECO "D08"]
[WhiteElo "1772"]
[BlackElo "1829"]
[PlyCount "80"]
[EventDate "2025.04.11"]
[EventType "tourn"]
[EventCountry "FAI"]
[SourceTitle "playchess.com"]
[Source "ChessBase"]
[SourceQuality "1"]
[TimeControl "40/5400+30:900+30"]

1. d4 d5 2. c4 e5 3. dxe5 d4 4. a3 Be6 5. Bf4 Bxc4 6. Nf3 Nc6 7. Nbd2 Bd5 8. b4 Nge7 9. b5 Na5 10. Qa4 c5 11. bxc6 Nexc6 12. e4 dxe3 13. Bxe3 a6 14. Be2 b5 15. Qg4 Be6 16. Qg3 Ne7 17. Nd4 Bd5 18. h4 Nac6 19. Nxc6 Bxc6 20. Bc5 Nf5 21. Qf4 Nxh4 22. Rxh4 Bxc5 23. e6 Qf6 24. Qxf6 gxf6 25. Ne4 Be7 26. exf7+ Kxf7 27. Ng3 Rac8 28. a4 bxa4 29. Bxa6 Rb8 30. Bc4+ Kf8 31. Bd3 Bxg2 32. Raxa4 Bc6 33. Ra7 Bb4+ 34. Kf1 h5 35. Rxh5 Rxh5 36. Nxh5 Be7 37. Nf4 Bb4 38. Ne6+ Kg8 39. Rg7+ Kh8 40. Rh7+ Kg8 1/2-1/2

[Event "Faroese-ch Candidates 2025"]
[Site "Torshavn"]
[Date "2025.04.17"]
[Round "6.2"]
[White "Tummasarson, Flovin M."]
[Black "Justinussen, Sigurd B."]
[Result "1-0"]
[Annotator "NA RC"]
[ECO "B52"]
[WhiteElo "1837"]
[BlackElo "1948"]
[PlyCount "99"]
[EventDate "2025.04.11"]
[EventType "tourn"]
[EventCountry "FAI"]
[SourceTitle "playchess.com"]
[Source "ChessBase"]
[SourceQuality "1"]
[TimeControl "40/5400+30:900+30"]

1. e4 c5 2. Nf3 d6 3. Bb5+ Bd7 4. Bxd7+ Qxd7 5. c4 Nf6 6. Nc3 Nc6 7. d4 cxd4 8. Nxd4 e6 9. O-O Be7 10. Be3 O-O 11. Rc1 Rac8 12. b3 Rfd8 13. f4 b6 14. h3 Qb7 15. Qf3 Nb4 16. Rfd1 Na6 17. e5 Qxf3 18. Nxf3 dxe5 19. fxe5 Nd7 20. Nb5 Ra8 21. Rd2 Bb4 22. Rdd1 Be7 23. Rd2 Bb4 24. Rdd1 Be7 25. a3 Bc5 26. Kf2 f6 27. b4 Bxe3+ 28. Kxe3 Nxe5 29. Nxe5 fxe5 30. Ke4 Rf8 31. Rf1 Rad8 32. Kxe5 Nb8 33. Rxf8+ Kxf8 34. Kxe6 Nc6 35. Rf1+ Kg8 36. Nd6 Nd4+ 37. Ke7 Nc6+ 38. Ke6 Nd4+ 39. Kd5 Nc2 40. Rf3 Ne1 41. Re3 Nxg2 42. Re4 g5 43. c5 Nf4+ 44. Kc6 bxc5 45. bxc5 Nd3 46. Re7 h5 47. Kc7 Rf8 48. c6 Nf4 49. Kb7 Nd5 50. Re5 1-0

[Event "Faroese-ch Candidates 2025"]
[Site "Torshavn"]
[Date "2025.04.17"]
[Round "6.3"]
[White "Hojsted, Ingi"]
[Black "Logv, Hanus a"]
[Result "1-0"]
[Annotator "NA RC"]
[ECO "C84"]
[WhiteElo "1841"]
[BlackElo "1744"]
[PlyCount "74"]
[EventDate "2025.04.11"]
[EventType "tourn"]
[EventCountry "FAI"]
[SourceTitle "playchess.com"]
[Source "ChessBase"]
[SourceQuality "1"]
[TimeControl "40/5400+30:900+30"]

1. e4 e5 2. Nf3 Nc6 3. Bb5 d6 4. c3 Bd7 5. O-O Nf6 6. Re1 Be7 7. d3 O-O 8. Nbd2 a6 9. Ba4 Bg4 10. h3 Bh5 11. Nf1 h6 12. Ng3 Bg6 13. Nh4 Bh7 14. Nhf5 Bxf5 15. Nxf5 Kh7 16. f4 Ng8 17. fxe5 Nxe5 18. d4 Ng6 19. Bc2 Bg5 20. Qf3 Bxc1 21. Raxc1 Kh8 22. g3 c6 23. h4 Qf6 24. Qd3 Rfe8 25. Rf1 Qe6 26. Rce1 Qd7 27. Qf3 Nf6 28. Nxg7 Kxg7 29. Qxf6+ Kg8 30. h5 Re6 31. Qf5 Nf8 32. e5 d5 33. Qg4+ Kh8 34. Bf5 Qe7 35. Bxe6 fxe6 36. Rf6 Qg7 37. Qf4 Kh7 1-0

[Event "Faroese-ch Candidates 2025"]
[Site "Torshavn"]
[Date "2025.04.17"]
[Round "6.4"]
[White "Davidsen, Rokur"]
[Black "Hojgaard, Brandur"]
[Result "0-1"]
[Annotator "NA RC"]
[ECO "C06"]
[WhiteElo "1824"]
[BlackElo "1861"]
[PlyCount "28"]
[EventDate "2025.04.11"]
[EventType "tourn"]
[EventCountry "FAI"]
[SourceTitle "playchess.com"]
[Source "ChessBase"]
[SourceQuality "1"]
[TimeControl "40/5400+30:900+30"]

1. e4 e6 2. d4 d5 3. Bd3 Nf6 4. e5 Nfd7 5. Nd2 c5 6. c3 Nc6 7. Ne2 cxd4 8. cxd4 f6 9. Nf4 Nxd4 10. Qh5+ Ke7 11. Ng6+ hxg6 12. exf6+ Nxf6 13. Qxh8 Kf7 14. Nb3 Bb4+ 0-1